Map: Blackburn LE

Players

Cham

  • Race: Zerg Zerg

Kelazhur - Winner!

  • Race: Terran Terran

Event: DreamHack SC2 Masters 2021 Winter

VOD

Have the link to the VOD?

Description

Time

  • Played on: Oct. 3, 2021, 3:18 p.m.
  • Length: 17:26

All games in this series

Show
View Real Time Build Order
Export as new Build Order

Cham Zerg 

Build Orders: Hatch First, Lurkers 

Get SALT Encoding   

  12  0:00  Drone  
  13  0:12  Overlord  
  13  0:17  Drone  
  14  0:31  Drone  
  14  0:32  Drone  
  16  0:49  Hatchery  
  15  0:52  Drone  
  15  0:55  Drone  
  17  0:59  Drone  
  18  1:12  Spawning Pool  
  18  1:13  Extractor  
  18  1:16  Drone  
  17  1:20  Drone  
  18  1:28  Drone  
  19  1:38  Drone  
  20  1:49  Drone  
  21  2:00  Queen x2  
  21  2:01  Zergling x4  
  27  2:13  Drone  
  28  2:21  Hatchery  
  27  2:25  Overlord  
  27  2:30  Drone  
  27  2:35  Overlord  
  28  2:46  Drone x4  
  32  2:52  Queen  
  32  2:57  Metabolic Boost  
  34  3:02  Drone  
  34  3:03  Drone  
  36  3:07  Overlord  
  36  3:12  Drone x2  
  38  3:14  Drone  
  38  3:16  Drone  
  38  3:18  Drone  
  41  3:24  Queen  
  43  3:29  Queen  
  45  3:35  Queen  
  45  3:38  Overlord  
  47  3:43  Zergling x4  
  47  3:44  Zergling x2  
  47  3:46  Zergling x2  
  51  3:49  Drone x2  
  51  3:52  Drone  
  54  3:57  Overlord  
  54  3:59  Drone  
  55  4:05  Queen  
  55  4:07  Drone x3  
  55  4:08  Drone  
  55  4:09  Drone  
  62  4:14  Queen  
  64  4:17  Overlord  
  63  4:25  Drone x3  
  63  4:26  Drone  
  63  4:30  Zergling x2  
  66  4:33  Lair  
  66  4:35  Overlord  
  66  4:39  Zergling x4  
  66  4:41  Zergling x2  
  66  4:43  Drone x5  
  73  4:47  Extractor  
  73  4:48  Drone x3  
  73  4:50  Drone  
  73  4:52  Overlord  
  76  4:53  Drone  
  77  5:00  Roach Warren  
  77  5:01  Spore Crawler  
  77  5:03  Spore Crawler  
  77  5:05  Spore Crawler  
  77  5:06  Drone, Zergling x2  
  75  5:08  Drone  
  75  5:11  Drone x2  
  78  5:18  Drone  
  78  5:19  Drone x2  
  82  5:21  Drone  
  82  5:22  Drone x2  
  82  5:23  Drone x2  
  85  5:31  Drone  
  85  5:32  Drone x3, Evolution Chamber  
  85  5:36  Overlord, Extractor x2  
  85  5:37  Drone  
  85  5:41  Drone, Extractor  
  85  5:42  Drone x2, Extractor  
  85  5:44  Glial Reconstitution  
  85  5:45  Overlord  
  85  5:49  Drone  
  86  5:53  Hatchery  
  85  5:58  Drone x3  
  85  6:03  Zerg Missile Weapons Level 1, Evolution Chamber  
  85  6:04  Drone x3  
  89  6:08  Drone  
  89  6:09  Infestation Pit  
  90  6:15  Drone  
  90  6:16  Drone  
  90  6:17  Roach x2  
  96  6:21  Overlord x2  
  96  6:23  Overlord  
  96  6:29  Overlord x2  
  96  6:31  Zerg Ground Armor Level 1  
  96  6:36  Overlord  
  96  6:42  Roach x7  
  96  6:46  Infestor  
  96  6:47  Infestor  
  108  6:49  Drone  
  108  6:53  Roach x2  
  117  6:57  Roach x3  
  117  6:59  Extractor  
  117  7:01  Extractor  
  121  7:03  Drone x2  
  123  7:12  Drone x2  
  123  7:13  Drone  
  120  7:17  Roach  
  120  7:18  Roach x4  
  120  7:22  Hive  
  130  7:24  Spire  
  130  7:25  Overlord  
  130  7:27  Drone  
  130  7:28  Overlord x2  
  130  7:29  Roach  
  131  7:37  Drone x2  
  131  7:40  Ravager x2  
  131  7:41  Ravager, Roach x3  
  131  7:42  Roach  
  143  7:47  Roach x3  
  149  7:57  Roach x4  
  157  8:01  Zerg Missile Weapons Level 2, Overlord  
  157  8:03  Drone  
  158  8:11  Roach  
  158  8:12  Roach x4  
  168  8:13  Overlord  
  168  8:17  Hatchery  
  168  8:19  Drone  
  168  8:20  Drone x3  
  168  8:21  Drone  
  168  8:22  Overlord  
  172  8:32  Roach x6  
  184  8:37  Zerg Ground Armor Level 2  
  184  8:38  Greater Spire  
  184  8:45  Roach x4  
  177  9:08  Ravager  
  177  9:09  Ravager, Corruptor x7  
  173  9:13  Drone  
  173  9:16  Corruptor  
  182  9:43  Drone  
  182  9:44  Drone x2  
  185  9:46  Extractor  
  185  9:50  Spore Crawler, Extractor  
  185  9:52  Spore Crawler  
  181  9:57  Drone x2  
  181  10:03  Brood Lord x6  
  188  10:10  Brood Lord  
  190  10:15  Brood Lord  
  192  10:21  Zerg Flyer Weapons Level 1  
  192  10:23  Drone x5  
  192  10:25  Drone  
  192  10:26  Spine Crawler  
  192  10:27  Spore Crawler, Overlord  
  190  11:07  Roach x5  
  170  11:30  Roach  
  170  11:31  Roach x14  
  172  11:47  Roach x14  
  172  11:50  Roach  
  172  11:51  Queen x2  
  171  11:55  Roach x2  
  171  12:01  Roach x2  
  154  12:05  Roach x3  
  154  12:07  Zerg Ground Armor Level 3, Zerg Missile Weapons Level 3  
  153  12:12  Ravager, Roach  
  153  12:13  Ravager x3  
  153  12:14  Hydralisk Den  
  158  12:16  Drone x2  
  158  12:17  Drone x2  
  158  12:19  Zerg Flyer Weapons Level 2  
  158  12:20  Drone x2  
  160  12:24  Roach  
  146  12:32  Roach  
  146  12:33  Roach x3  
  132  12:37  Roach  
  132  12:43  Roach x4  
  132  12:48  Roach x3  
  123  12:51  Grooved Spines  
  123  12:52  Drone x2  
  123  12:53  Lurker Den  
  123  12:56  Drone  
  125  13:02  Viper x2  
  131  13:06  Drone x3  
  131  13:11  Hydralisk x2  
  138  13:13  Hydralisk x2  
  138  13:19  Hydralisk x5  
  148  13:20  Hydralisk  
  148  13:22  Hydralisk  
  148  13:23  Hydralisk  
  148  13:26  Hydralisk  
  160  13:31  Hydralisk, Zergling x2  
  160  13:32  Zergling x2  
  164  13:34  Hatchery  
  163  13:47  Drone  
  163  13:48  Drone x2  
  160  13:57  Adaptive Talons  
  160  13:58  Lurker x9  
  160  13:59  Drone  
  160  14:00  Drone x4  
  160  14:01  Drone x3  
  161  14:03  Muscular Augments  
  161  14:05  Lurker  
  161  14:06  Lurker  
  161  14:07  Drone x3  
  161  14:08  Drone  
  167  14:10  Overlord  
  167  14:14  Pneumatized Carapace  
  167  14:16  Zergling x6  
  167  14:17  Zergling x2  
  171  14:23  Drone  
  172  14:25  Zergling x12  
  178  14:34  Roach x5  
  172  14:53  Hydralisk  
  172  14:54  Hydralisk x6, Seismic Spines  
  172  14:56  Extractor  
  172  14:57  Extractor  
  167  15:01  Hydralisk x3  
  170  15:11  Hydralisk x3  
  170  15:14  Hydralisk  
  158  15:16  Hydralisk x2  
  158  15:17  Hydralisk  
  162  15:22  Hydralisk x4  
  162  15:23  Hydralisk  
  162  15:27  Hydralisk x2  
  161  15:29  Hydralisk  
  161  15:30  Hydralisk  
  161  15:34  Hydralisk  
  161  15:35  Hydralisk  
  147  15:43  Hydralisk  
  147  15:46  Hydralisk x3  
  147  15:52  Lurker x5  
  152  15:57  Zergling x8  
  152  15:58  Zergling x6  
  152  16:00  Hydralisk  
  155  16:05  Hydralisk x3  
  153  16:33  Drone x2  
  153  16:35  Hydralisk x7, Spawning Pool  
  166  16:41  Roach  
  166  16:47  Hatchery  
  165  16:48  Roach  
  165  16:50  Overlord  
  165  16:51  Overlord x3  
Show
View Real Time Build Order
Export as new Build Order

Kelazhur Terran - Winner!

Build Orders: Hellion Opening 

Get SALT Encoding   

  12  0:00  SCV  
  13  0:12  SCV  
  14  0:17  Supply Depot  
  14  0:24  SCV  
  15  0:38  SCV  
  15  0:39  Barracks  
  16  0:45  Refinery  
  16  0:50  SCV  
  17  1:02  SCV  
  18  1:15  SCV  
  19  1:27  Barracks Reactor, Orbital Command  
  19  1:41  Command Center  
  19  1:50  Supply Depot  
  19  1:52  SCV  
  20  2:03  Marine x2  
  20  2:07  Factory  
  22  2:08  SCV  
  23  2:20  SCV  
  23  2:21  Marine x2  
  26  2:30  Refinery  
  26  2:32  SCV  
  27  2:40  Marine x2  
  29  2:45  SCV  
  29  2:51  Starport  
  30  2:55  Orbital Command  
  30  2:57  SCV  
  31  3:03  Hellion x2  
  35  3:10  Marine  
  35  3:11  SCV  
  37  3:21  SCV  
  37  3:24  SCV  
  39  3:27  Supply Depot  
  39  3:28  Medivac  
  39  3:32  Hellion x2  
  45  3:34  Marine  
  46  3:45  Supply Depot  
  46  3:49  SCV x2  
  46  3:54  Hellion x2  
  52  4:01  SCV x2  
  52  4:02  Barracks Tech Lab  
  54  4:06  Liberator  
  57  4:11  Supply Depot  
  57  4:13  SCV  
  59  4:17  SCV  
  59  4:22  Marine  
  59  4:23  Stimpack  
  60  4:25  SCV  
  60  4:29  SCV  
  62  4:37  SCV  
  63  4:41  SCV  
  63  4:42  Marine  
  64  4:48  Barracks  
  64  4:49  Command Center  
  64  4:50  SCV  
  65  4:53  SCV  
  65  4:56  Starport Reactor  
  65  4:59  Factory Reactor, Barracks  
  66  5:02  SCV  
  66  5:03  Marine  
  66  5:05  SCV  
  69  5:11  Supply Depot, Engineering Bay  
  69  5:12  Engineering Bay  
  69  5:14  SCV  
  70  5:19  Refinery x2  
  70  5:29  Supply Depot  
  70  5:33  SCV x2  
  69  5:36  Marine  
  69  5:37  Marine x2  
  69  5:39  Medivac  
  69  5:41  Medivac  
  76  5:45  SCV x2  
  76  5:47  Factory Tech Lab  
  78  5:50  Terran Infantry Weapons Level 1  
  78  5:53  Terran Infantry Armor Level 1  
  78  5:54  Marine  
  79  5:57  SCV x2  
  79  6:01  Marine x2  
  79  6:02  Orbital Command  
  83  6:09  SCV x2, Siege Tank  
  83  6:10  Marine  
  89  6:13  Marine  
  89  6:21  SCV  
  89  6:24  SCV  
  89  6:25  Marine x2  
  91  6:28  Marine x2  
  91  6:29  Orbital Command  
  91  6:31  Marine  
  94  6:33  SCV  
  94  6:36  SCV  
  96  6:42  Marine  
  96  6:43  Combat Shield  
  96  6:44  Barracks  
  96  6:45  SCV  
  96  6:46  Barracks  
  98  6:49  Marine x3  
  101  6:55  Supply Depot  
  101  6:56  SCV x2, Marine  
  104  7:03  Supply Depot  
  104  7:05  Siege Tank, Marine  
  104  7:06  Marine  
  109  7:08  SCV  
  109  7:14  SCV, Armory  
  100  7:16  SCV  
  100  7:19  Marine x3  
  104  7:22  Medivac  
  104  7:23  Marine  
  104  7:27  Medivac  
  109  7:30  SCV  
  109  7:35  Barracks Reactor x2, Marine  
  109  7:36  SCV  
  112  7:37  Siege Tank  
  112  7:40  Marine  
  115  7:44  SCV, Marine  
  115  7:45  SCV  
  115  7:47  Marine  
  115  7:48  SCV  
  118  7:56  SCV  
  118  8:00  Marine  
  118  8:01  Terran Infantry Weapons Level 2, Terran Infantry Armor Level 2  
  118  8:03  Medivac x2  
  122  8:06  Refinery  
  122  8:07  Refinery  
  122  8:08  Marine x3  
  125  8:13  Supply Depot x2  
  125  8:14  Supply Depot  
  125  8:16  Siege Tank, Marine  
  125  8:18  SCV x3  
  125  8:19  Supply Depot  
  132  8:22  Missile Turret  
  132  8:24  Marine  
  133  8:34  Marine x8  
  133  8:39  Command Center  
  141  8:42  Supply Depot x2  
  141  8:43  Marine  
  142  8:52  Marine x2  
  142  8:53  Marauder  
  132  8:58  Marine x5  
  132  9:01  Marine  
  119  9:10  Marine x2  
  119  9:13  Siege Tank, Marine  
  119  9:15  Liberator  
  119  9:16  Liberator, Marine x2  
  133  9:20  Factory  
  133  9:21  Marine  
  134  9:28  Marine  
  134  9:29  Marine x4  
  139  9:32  Marauder  
  139  9:33  Terran Vehicle Weapons Level 1  
  139  9:34  Marine x2  
  143  9:39  Marine  
  144  9:45  Supply Depot, Marine  
  144  9:46  Siege Tank  
  144  9:47  Marine  
  149  9:53  Marine x2  
  151  10:08  Marine  
  151  10:09  Marauder, Marine x2  
  151  10:12  Factory Tech Lab, Marine x5  
  161  10:15  SCV x3  
  161  10:18  Siege Tank  
  161  10:21  Barracks x2  
  167  10:26  Marine  
  168  10:30  Terran Infantry Weapons Level 3  
  168  10:39  Marine x5  
  168  10:40  Marauder  
  168  10:41  Planetary Fortress  
  175  10:42  SCV  
  175  10:43  Sensor Tower  
  175  10:50  Siege Tank  
  175  10:55  Marine  
  175  10:56  Marine  
  180  10:58  Marine  
  180  10:59  SCV x2  
  180  11:02  Marine  
  183  11:05  Viking x2  
  177  11:21  Marine x4  
  177  11:23  Marine x2  
  177  11:24  Marine  
  170  11:28  Marine x2  
  170  11:30  Marine, Thor  
  170  11:31  Thor  
  181  11:33  Terran Infantry Armor Level 3  
  174  11:42  Marine x5  
  174  11:45  Marine  
  174  11:46  Marine x2  
  160  11:48  Marine  
  160  11:51  Marine  
  160  11:53  Marine  
  156  12:00  Marine x5  
  150  12:02  Marine  
  150  12:04  Marine x2  
  150  12:05  Marine  
  146  12:09  Marine  
  146  12:10  Marine  
  154  12:15  Viking x2  
  154  12:18  Marine x2  
  154  12:22  Marine  
  160  12:25  Command Center  
  160  12:26  Marine  
  160  12:27  Marine  
  160  12:28  Marine x3  
  160  12:29  Marauder  
  161  12:34  Siege Tank x2  
  161  12:35  Marine  
  144  12:37  Marine x2  
  144  12:38  Marine  
  144  12:40  Marine  
  135  12:45  SCV x2, Medivac x2  
  135  12:49  Marine  
  135  12:50  Marauder, Marine  
  140  12:51  Concussive Shells  
  140  12:53  SCV  
  140  12:57  SCV  
  142  13:00  Barracks Tech Lab x2, Marine x2  
  142  13:01  Marine x2  
  142  13:03  SCV  
  142  13:05  SCV  
  148  13:08  Sensor Tower, Marine  
  148  13:09  Marine x2  
  148  13:12  Marauder  
  153  13:14  Siege Tank x2  
  159  13:21  Terran Vehicle Weapons Level 2  
  159  13:25  Marine  
  159  13:26  Marauder x2, Marine  
  165  13:27  Marine x3  
  165  13:29  Marine  
  165  13:33  Marauder  
  170  13:44  Marine  
  170  13:47  Marauder x2  
  175  13:54  Marauder, Siege Tank  
  175  13:55  Marine  
  172  13:56  Marine x6  
  172  14:02  Marine  
  174  14:06  Siege Tank  
  174  14:08  Marine  
  174  14:09  Marauder  
  180  14:13  Marine  
  180  14:15  Refinery  
  180  14:16  Refinery, Command Center  
  180  14:17  Ghost Academy, Command Center  
  181  14:18  Marauder, Marine x6  
  181  14:19  Marine  
  190  14:26  Marine  
  190  14:29  Liberator x2, Marine  
  190  14:31  Marine  
  198  14:35  Marine  
  200  14:42  Planetary Fortress, Sensor Tower  
  196  14:48  Marauder  
  196  14:49  Marauder  
  196  14:51  Marine x5  
  196  14:52  Marine x3  
  191  14:53  Marine  
  191  14:57  Siege Tank x2  
  173  15:09  Marine x5  
  173  15:10  Marauder  
  173  15:11  Marauder  
  173  15:14  Liberator x2, Marine  
  165  15:20  Marine  
  168  15:21  Marine  
  168  15:22  Marine  
  168  15:28  Marauder  
  162  15:29  Siege Tank  
  162  15:31  Marauder  
  162  15:32  Marauder  
  158  15:36  Siege Tank  
  158  15:38  Marine x4  
  164  15:49  Marauder  
  156  15:52  Marine  
  156  15:53  Marauder  
  156  15:54  Marauder  
  156  15:58  Marine x7  
  156  15:59  Medivac  
  165  16:09  Marine  
  165  16:10  Marauder  
  168  16:14  Marauder  
  167  16:20  Marine  
  162  16:26  Medivac  
  162  16:27  Marine x2  
  162  16:28  Marauder  
  162  16:29  Medivac  
  162  16:31  Orbital Command  
  167  16:33  SCV  
  167  16:37  Marauder  
  167  16:39  Marine  
  166  16:40  Marine x2  
  169  16:50  Marauder  

Tags
 
Add a new tag
Caveats
  • Supply blocks, unpowered buildings, or Contaminate may cause inaccurate times.
  • Supply counts are checked every 10 seconds.